 Dungeon Crawl Stone Soup version 0.28.0-49-g6dfe1f597d (webtiles) character file.

Game seed: 6977581757502318669

37 Gabide the Poker (level 3, -17/29 HPs)
             Began as a Human Monk on May 13, 2022.
             Killed by an exploding Robin (32 damage)
             ... ignited by their inner flame
             ... on level 1 of the Dungeon.
             The game lasted 00:01:30 (1297 turns).

Gabide the Poker (Human Monk)                       Turns: 1297, Time: 00:01:34

Health: -17/29     AC:  3    Str: 13    XL:     3   Next: 60%
Magic:  3/3        EV: 12    Int: 10    God:
Gold:   9          SH:  0    Dex: 15    Spells: 2/2 levels left

rFire   . . .      SeeInvis .   a - +0 spear
rCold   . . .      Faith    .   (no shield)
rNeg    . . .      Spirit   .   d - +0 leather armour
rPois   .          Reflect  .   (no helmet)
rElec   .          Harm     .   (no cloak)
rCorr   .          Rampage  .   (no gloves)
Will    .....                   (no boots)
Stlth   ++........              (no amulet)
HPRegen 0.09/turn               (no ring)
MPRegen 0.08/turn               (no ring)

@: no status effects
A: no striking features
a: no special abilities


You were on level 1 of the Dungeon.
You visited 1 branch of the dungeon, and saw 2 of its levels.

You collected 9 gold pieces.

Inventory:

Hand Weapons
 a - a +0 spear (weapon)
Armour
 d - a +0 leather armour (worn)
Potions
 b - a potion of mutation {unknown}


   Skills:
 - Level 3.0 Fighting
 + Level 4.1 Polearms
 * Level 1.1 Armour
 - Level 3.0 Dodging
 - Level 2.0 Stealth


You had 2 spell levels left.
You didn't know any spells.
Your spell library was empty.

Dungeon Overview and Level Annotations

Branches:
Dungeon (2/15)

Altars:


Message History

Robin closely misses you.
You hit Robin but do no damage.
Robin is lightly wounded.
Robin hits you with a +0 club.
You are too injured to fight recklessly!
You are too injured to fight recklessly!
You are too injured to fight recklessly!
You are too injured to fight recklessly!
You are too injured to fight recklessly!
You are too injured to fight recklessly!
You are too injured to fight recklessly!
You are too injured to fight recklessly!
You are too injured to fight recklessly!
You are too injured to fight recklessly!
A goblin comes into view. It is wielding a +0 dagger.
The goblin shouts!
You see here a +0 dagger.
A goblin comes into view. It is wielding a +0 dagger.
There is a stone staircase leading up here.
The goblin barely misses you.
Robin roars a battlecry!
The goblin goes into a battle-frenzy!
You climb upwards.
There is a stone staircase leading down here.
You hit the goblin.
You kill the goblin!
Robin closely misses you.
Robin's bangles clink loudly.
Okay, then.
As you read the scroll labelled SOEDGH FATE, it crumbles to dust.
The creatures around you are filled with an inner flame!
It was a scroll of immolation.
Robin closely misses you.
You barely miss Robin. Robin hits you with a +0 club.
You hit Robin.
Flame seeps out of Robin.
Robin is lightly wounded.
Robin is engulfed in blazing flames.
Robin explodes!
The fiery explosion engulfs you!!
Ouch! That really hurt!
You die...

#≈≈≈#§≈≈#.....#.....#
#≈§≈#§§≈#.....#.#####
#...#..§#..)..#.#####
#...#...#.>...#.....#
#...##'##..#..####.##
#..###..#.....# #)#
##'#....#.....# #.#
#......####.######.##
.....###......§○@...#
.#######.##.#########
###......##.#
#...#####.# ###.#.#
#.#
......#####.######
....≈......[.≈...#
.....≈≈≈.....≈≈≈≈#
....≈.≈≈≈≈≈≈≈≈≈≈.#


There were no monsters in sight!

Vanquished Creatures
  Robin (D:1)
  A dart slug (D:1)
  An endoplasm (D:1)
  8 goblins
  2 hobgoblins (D:2)
  6 jackals (D:1)
  A quokka (D:1)
  6 ball pythons (D:1)
  A bat (D:1)
  2 kobolds (D:1)
  A rat (D:1)
30 creatures vanquished.

Notes
Turn   | Place    | Note
-------+----------+-------------------------------------------
     0 | D:1      | Gabide the Human Monk began the quest for the Orb.
     0 | D:1      | Reached XP level 1. HP: 18/18 MP: 1/1
   161 | D:1      | Reached XP level 2. HP: 11/24 MP: 2/2
   736 | D:1      | Reached skill level 4 in Polearms
   736 | D:1      | Reached XP level 3. HP: 25/29 MP: 3/3
  1202 | D:1      | Found a faded altar of an unknown god.
  1249 | D:2      | Noticed Robin
  1272 | D:2      | Reached skill level 1 in Armour
  1297 | D:1      | Killed Robin
  1297 | D:1      | Killed by an exploding Robin... ignited by their inner
                  | flame

Illustrated notes

Levels and vault maps discovered:
D:1:      dpeg_arrival_water_fire, layout_basic,
          chequers_ecumenical_altar_island
D:2:      layout_loops_ring, serial_shops, nicolae_shop_statue_plus,
          st_stairs_11, uniq_robin

Skill      XL: |  1  2  3 |
---------------+----------+-----
Polearms       | 4 |  4.1
Armour         | 1 |  1.1
Fighting       | |  3.0
Dodging        | |  3.0
Stealth        | |  2.0

Action                   || total
-------------------------++-------
Melee: Spear             ||   125
       Punch             ||     2
  Use: Scroll            ||     1
 Stab: Sleeping          ||     5
Armor: Robe              ||    14
       Leather armour    ||    10
Dodge: Dodged            ||    63
